 Dungeon Crawl Stone Soup version 0.24.0-123-gd5b16e6ec5 (webtiles) character file.

Game seed: 6698951202978082319, levelgen mode: deterministic

144 Leggsy7533 the Conjurer (level 5, 0/38 HPs)
             Began as a Draconian Conjurer on Jan 17, 2020.
             Killed from afar by Ijyb (12 damage)
             ... with an iceblast
             ... on level 4 of the Dungeon.
             The game lasted 00:12:54 (2590 turns).

Leggsy7533 the Conjurer (Draconian Conjurer)        Turns: 2590, Time: 00:12:55

Health: 0/38       AC:  5    Str: 11    XL:     5   Next: 5%
Magic:  1/9        EV: 12    Int: 15    God:
Gold:   115        SH:  0    Dex: 12    Spells: 8/9 levels left

rFire    . . .     SeeInvis .   d - -1 short sword (curse)
rCold    . . .     Gourm    .   (no shield)
rNeg     . . .     Faith    .   (armour unavailable)
rPois    .         Spirit   .   (helmet restricted)
rElec    .         Reflect  .   s - scarf {cloud immunity}
rCorr    .         Harm     .   (no gloves)
MR       .....                  (no boots)
Stlth    ++........             (no amulet)
HPRegen  0.12/turn              (no ring)
MPRegen  0.11/turn              (no ring)

@: no status effects
A: unfitting armour, cold-blooded, AC +5
a: no special abilities


You were on level 4 of the Dungeon.
You were not hungry.

You visited 1 branch of the dungeon, and saw 4 of its levels.

You collected 115 gold pieces.

Inventory:

Hand Weapons
 c - a +0 club
 d - a cursed -1 short sword (weapon)
 i - a +0 hunting sling
 l - a +0 hand axe
Missiles
 a - 58 stones (quivered)
 f - 6 datura-tipped darts
 j - 8 boomerangs
 m - 13 poisoned darts
 t - 17 arrows
Armour
 s - a scarf of cloud immunity (worn)
Scrolls
 e - 5 scrolls of remove curse {unknown}
 h - 2 scrolls of magic mapping {unknown}
 k - a scroll of identify {unknown}
 n - 2 scrolls of enchant weapon {unknown}
 o - a scroll of immolation {unknown}
 p - a scroll of amnesia {unknown}
 q - a scroll of noise {unknown}
Potions
 g - a potion of resistance {unknown}
 r - a potion of lignification {unknown}
Comestibles
 b - 5 rations


   Skills:
 + Level 0.3 Fighting
 + Level 0.8 Short Blades
 + Level 2.2 Dodging
 + Level 2.1 Stealth
 + Level 2.9 Spellcasting
 + Level 5.3 Conjurations


You had 8 spell levels left.
You knew the following spells:

 Your Spells              Type           Power        Failure   Level  Hunger
a - Magic Dart            Conj           ###.         2%          1    #......

Your spell library contained the following spells:

 Spells                   Type           Power        Failure   Level  Hunger
 Searing Ray              Conj           ###...       3%          2    ##.....
 Dazzling Spray           Conj/Hex       ##....       21%         3    ###....
 Iskenderun's Mystic Bla  Conj           ###.....     22%         4    #####..
 Force Lance              Conj/Tloc      ##......     56%         4    #####..
 Fulminant Prism          Conj/Hex       ##........   56%         4    #####..


Dungeon Overview and Level Annotations

Branches:
Dungeon (4/15)
 Temple: D:4-7

Altars:
The Shining One

Annotations:
D:4 Ijyb


Innate Abilities, Weirdness & Mutations

Your plain brown scales are hard. (AC +5)
You cannot fit into any form of body armour.
You are cold-blooded and may be slowed by cold attacks.


Message History

Unknown command.
You barely miss the goblin.
The goblin is moderately wounded.
The goblin hits you but does no damage.
You closely miss the goblin.
Your tail-slap misses the goblin.
The goblin is moderately wounded.
The goblin misses you.
You hit the goblin but do no damage.
The goblin is moderately wounded.
The goblin barely misses you.
You barely miss the goblin.
The goblin is moderately wounded.
The goblin closely misses you.
You hit the goblin.
You kill the goblin!
Ijyb zaps a wand.
The mass of ice explodes!
The iceblast engulfs the goblin!
The goblin dies!
The iceblast engulfs you!
Ijyb zaps a wand.
The mass of ice explodes!
The iceblast engulfs you!
You die...

#.#######.# #.#
#.# #.# #.# #.#
##### ##.##
...###...##
##.##.@...#
#.gg))....#
#.(##.....#
#.)###...## #..#
#####
g..g?..g........
g###.##..#######
.. ...# ## .#%##


You could see Ijyb and a goblin.

Vanquished Creatures
  6 adders
  4 oozes
  A worm (D:2)
  3 dart slugs
  2 leopard geckos
  A ball python (D:1)
  3 giant cockroaches
  7 goblins
  5 hobgoblins
  6 jackals (D:2)
  7 kobolds
  A quokka (D:2)
  13 bats
  3 frilled lizards (D:1)
  3 rats (D:2)
65 creatures vanquished.

Vanquished Creatures (others)
  A goblin (D:4)
1 creature vanquished.

Grand Total: 66 creatures vanquished

Notes
Turn   | Place    | Note
-------+----------+-------------------------------------------
     0 | D:1      | Leggsy7533 the Draconian Conjurer began the quest for the
                  | Orb.
     0 | D:1      | Reached XP level 1. HP: 14/14 MP: 3/3
   212 | D:1      | Reached XP level 2. HP: 17/20 MP: 1/5
   541 | D:1      | Reached XP level 3. HP: 19/26 MP: 0/6
   987 | D:2      | Found a glowing golden altar of the Shining One.
  1148 | D:2      | Reached skill level 5 in Conjurations
  1175 | D:2      | Reached XP level 4. HP: 29/33 MP: 2/7
  2484 | D:3      | Reached XP level 5. HP: 38/38 MP: 6/9
  2578 | D:4      | Noticed Ijyb
  2590 | D:4      | Killed from afar by Ijyb

Levels and vault maps discovered:
D:1:      lightli_molten_gateway, layout_basic
D:2:      layout_loops_ring, tso_metal_star
D:3:      minmay_skewed_foursquare, layout_basic
D:4:      layout_loops_ring, lemuel_crystal_altar, minmay_misc_feat_iff,
          minmay_goblin_outpost, uniq_ijyb, uniq_robin

Skill      XL: |  1  2  3 |
---------------+----------+-----
Dodging        | 2 |  2.2
Stealth        | 2 |  2.1
Conjurations   | 5 |  5.3
Fighting       | |  0.3
Short Blades   | |  0.8
Spellcasting   | |  2.9

Action                   |  1- 3 |  4- 6 || total
-------------------------+-------+-------++-------
Melee: Short sword       |    55 |    27 ||    82
       Tailslap          |     4 |     1 ||     5
 Cast: Magic Dart        |    51 |    70 ||   121
  Use: Potion            |     2 |       ||     2
  Eat: Ration            |     2 |       ||     2
Armor: Skin              |    25 |     9 ||    34
Dodge: Dodged            |    50 |    34 ||    84
